 Dungeon Crawl Stone Soup version 0.31-a0-408-gb642c7f9a3 (webtiles) character file.

Game seed: 6496130664726028091

1240 Gelion the Changeling (level 8, -10/49 HPs)
             Began as an Octopode Shapeshifter on July 30, 2023.
             Mangled by an iguana (11 damage)
             ... on level 6 of the Dungeon.
             The game lasted 00:07:25 (4174 turns).

Gelion the Changeling (Octopode Shapeshifter)       Turns: 4174, Time: 00:07:26

Health: -10/49     AC:  9    Str: 20    XL:     8   Next: 49%
Magic:  8/8        EV: 15    Int: 10    God:
Gold:   407        SH:  0    Dex: 14    Spells: 7/7 levels left

rFire   . .          .
                       - Unarmed
rCold   . . .        (shield currently unavailable)
rNeg    . . .        (helmet currently unavailable)
rPois   .            e - amulet of the acrobat
rElec   .            l - +5 ring of evasion
rCorr   .            (no ring)
SInv    .            (no ring)
Will    .....        (no ring)
Stlth   +            (no ring)
HPRegen 0.28/turn    (no ring)
MPRegen 0.11/turn    (no ring)
                     (no ring)

%: acrobat
@: lethally poisoned (-10 -> -12), snake-form
A: constrict, reduced hp, almost no armour, amphibious, 8 rings, large,
(camouflage 1), (gelatinous body 1), (nimble swimmer 1), (tentacles)
a: Begin Untransformation


You were on level 6 of the Dungeon.
You were an enormous anaconda.
You visited 1 branch of the dungeon, and saw 6 of its levels.
You also visited: Sewer.

You collected 407 gold pieces.

Inventory:

Jewellery
 e - an amulet of the acrobat (around neck)
 l - a +5 ring of evasion (left tentacle)
Talismans
 b - a beast talisman
 m - a serpent talisman
Wands
 i - a wand of roots (5)
 s - a wand of digging (6)
Scrolls
 f - 6 scrolls of teleportation
 k - a scroll of enchant armour
 n - a scroll of blinking
 o - a scroll of identify
 p - a scroll of enchant weapon
 r - a scroll of immolation {unknown}
Potions
 a - a potion of lignification
 c - a potion of mutation
 d - a potion of magic {unknown}
 g - a potion of heal wounds
 h - 2 potions of curing
 j - a potion of cancellation {unknown}
 q - 2 potions of attraction


   Skills:
 + Level 4.9 Fighting
 - Level 2.0 Dodging
 + Level 5.8 Unarmed Combat
 * Level 6.6 Shapeshifting


You had 7 spell levels left.
You didn't know any spells.
Your spell library contained the following spells:

 Spells                   Type           Power      Damage    Failure   Level
 Gell's Gravitas          Tloc           0%         N/A       75%         3
 Inner Flame              Hex/Fire       0%         N/A       75%         3
 Teleport Other           Tloc           0%         N/A       75%         3
 Flame Wave               Conj/Fire      0%         2d4       98%         4
 Sticky Flame             Conj/Fire      0%         2d3       98%         4
 Dispersal                Tloc           0%         N/A       100%        6


Dungeon Overview and Level Annotations

Branches:
Dungeon (6/15)              Sewer (visited)
 Temple: D:4-7

Altars:
Elyvilon
Lugonu

Shops:
D:1 (   D:2 *

Portals:
Abyss: D:5


Innate Abilities, Weirdness & Mutations

You are an enormous anaconda.
You have a powerful constriction melee attack.
Your maximum health is decreased, since you lack skill for your form.
Your armour is entirely melded.
You are incapable of wielding weapons or throwing items.
You cannot wear most types of armour.
You are amphibious.
You can wear up to eight rings at the same time.
((Your skin changes colour to match your surroundings (Stealth+).))
((Your rubbery body absorbs attacks. (AC +1, EV +1)))
((You are camouflaged when in or above water. (Stealth+)))
((You have tentacles for arms and can constrict up to eight enemies at once.))


Message History

You constrict the water moccasin. The water moccasin bites you.
You are poisoned.
The water moccasin poisons you!
You hit the water moccasin but do no damage.
The water moccasin is lightly wounded.
You constrict the water moccasin.
You feel very sick.
The water moccasin completely misses you.
The water moccasin bites you but does no damage.
You hit the water moccasin.
The water moccasin is moderately wounded.
You constrict the water moccasin.
You feel very sick. The water moccasin barely misses you.
You lash the water moccasin!
The water moccasin is severely wounded.
You constrict the water moccasin.
You feel sick. The water moccasin bites you.
You lash the water moccasin!
You kill the water moccasin!
You feel sick.
You feel sick. The gnoll barely misses you. The iguana barely misses you.
You lash the gnoll! You grab the gnoll.
The gnoll is heavily wounded.
You constrict the gnoll, but do no damage.
You feel sick. The gnoll closely misses you. The iguana barely misses you.
You closely miss the iguana. You constrict the gnoll.
You feel sick. The gnoll completely misses you. The iguana bites you.
* * * LOW HITPOINT WARNING * * *
You hit the iguana.
The iguana is moderately wounded.
You constrict the gnoll.
You kill the gnoll!
You feel sick. The iguana bites you.
* * * LOW HITPOINT WARNING * * *
You closely miss the iguana. You grab the iguana.
The iguana is moderately wounded.
You constrict the iguana.
* * * LOW HITPOINT WARNING * * *
You feel sick. The iguana bites you!
You die...

#.# ### #.# #.# #.# #.#
#### #.## ##.# #...
#..######..###..#
#.>...........(.. .
#.?............#. ...
###.............##.
#....##)S####....##..###.
.......l## ##..###..# ##
..#...†## #.## ##.# ##...
#.## #.# #... #.# ##.#
#.... #.# #..# #..### .#
#.<# #..# #.†....# ..#
#......#


You could see an iguana.

Vanquished Creatures
  2 water moccasins (D:6)
  A sky beast (D:6)
  2 black bears (D:6)
  An ogre (D:5)
  A phantom (D:6)
  A kobold brigand (D:5)
  2 bullfrogs
  A howler monkey (D:4)
  Crazy Yiuf (D:5)
  A hound (D:5)
  A jelly (D:6)
  Terence (D:2)
  2 iguanas (D:6)
  A hell rat (Sewer)
  A hound zombie (D:3)
  2 hound skeletons (D:3)
  A gnoll (D:6)
  4 adders
  A river rat (Sewer)
  3 worms
  4 dart slugs
  An orc (D:3)
  9 ball pythons
  4 endoplasms
  5 giant cockroaches
  4 goblins
  3 hobgoblins
  4 quokkas
  3 bats
  3 frilled lizards (D:1)
  9 kobolds
  9 rats
88 creatures vanquished.

Notes
Turn   | Place    | Note
-------+----------+-------------------------------------------
     0 | D:1      | Gelion the Octopode Shapeshifter began the quest for the
                  | Orb.
     0 | D:1      | Reached XP level 1. HP: 13/13 MP: 1/1
    96 | D:1      | Reached XP level 2. HP: 16/18 MP: 2/2
   176 | D:1      | Found Akorolus's Weapon Shoppe.
   671 | D:1      | Reached XP level 3. HP: 21/23 MP: 3/3
   945 | D:2      | Found Elieneh's General Store.
  1419 | D:2      | Noticed Terence
  1424 | D:2      | Killed Terence
  1425 | D:2      | Reached XP level 4. HP: 27/29 MP: 4/4
  1601 | D:3      | Reached skill level 4 in Shapeshifting
  1767 | D:3      | Reached XP level 5. HP: 29/35 MP: 5/5
  2611 | D:4      | Found a glowing drain.
  2623 | Sewer    | Entered a sewer
  2689 | Sewer    | Reached XP level 6. HP: 41/41 MP: 6/6
  2955 | D:4      | Identified the +4 ring mail of the Stars {rPois rN+ MP+9}
  3220 | D:5      | Entered Level 5 of the Dungeon
  3245 | D:5      | Found a white marble altar of Elyvilon.
  3326 | D:5      | Found a runed translucent door.
  3327 | D:5      | Noticed Crazy Yiuf
  3362 | D:5      | Found a large runed translucent door.
  3362 | D:5      | Found a large runed translucent door.
  3394 | D:5      | Killed Crazy Yiuf
  3555 | D:5      | Reached skill level 5 in Shapeshifting
  3629 | D:5      | Reached XP level 7. HP: 34/46 MP: 7/7
  3691 | D:5      | Found a one-way gate to the infinite horrors of the Abyss.
  3732 | D:5      | Found a corrupted altar of Lugonu.
  4026 | D:6      | Reached skill level 5 in Unarmed Combat
  4102 | D:6      | Reached skill level 6 in Shapeshifting
  4102 | D:6      | Reached XP level 8. HP: 44/54 MP: 8/8
  4173 | D:6      | HP: 1/49 [iguana (5)]
  4174 | D:6      | Mangled by an iguana

Illustrated notes

Levels and vault maps discovered:
D:1:      evilmike_arrival_plus, layout_basic, serial_shops,
          nicolae_shop_advertising_works [nicolae_subvault_shop_adworks],
          hangedman_decor_growths, minivault_24, serial_bayou_crossing
D:2:      layout_basic, serial_shops, nicolae_square_shop, uniq_terence
D:3:      layout_loops_corners, serial_undead, serial_undead_b, serial_undead_e,
          serial_undead_b, serial_undead_f
D:4:      layout_cave_pools, portal_sewer_entry_d
D:5:      due_chaos_kobolds, layout_basic, elyvilon_altar_3,
          uniq_crazy_yiuf_cottage
D:6:      layout_layer_cave, kennysheep_mini_moat, lemuel_doored_altar,
          st_stairs_13, chequers_garden, nicolae_zen_rock_garden

Skill      XL: |  1  2  3  4  5  6  7 |
---------------+----------------------+-----
Fighting       | 2 3 4 |  4.9
Shapeshifting  | 4 5 6 |  6.6
Unarmed Combat | 4 5 |  5.8
Dodging        | |  2.0

Action                     |  1- 3 |  4- 6 |  7- 9 || total
---------------------------+-------+-------+-------++-------
  Melee: Unarmed           |    58 |    76 |    59 ||   193
         Constrict         |    16 |    23 |    12 ||    51
         Punch             |     2 |     5 |       ||     7
         Tentacles         |     8 |    13 |       ||    21
    Use: Scroll            |       |    17 |       ||    17
   Stab: Sleeping          |     6 |     7 |       ||    13
         Distracted        |     1 |     1 |       ||     2
 Armour: Skin              |     2 |     3 |     8 ||    13
  Dodge: Dodged            |    28 |    43 |    43 ||   114
   Form: Anaconda          |       |     1 |       ||     1

Table legend: (Time is in decaauts)
 A = Elapsed time spent in this place.
 B = Non-inter-level travel time spent in this place.
 C = Inter-level travel time spent in this place.
 D = Time resting spent in this place.
 E = Time spent auto-exploring this place.
 F = Levels seen in this place.
 G = Mean time per level.
                   A        B        C        D        E       F      G
               +--------+--------+--------+--------+--------+-----+--------+
         Total |   4157 |   3825 |    332 |    100 |   3125 |   7 |  593.9 |
       Dungeon |   4054 |   3722 |    332 |    100 |   3063 |   6 |  675.7 |
         Sewer |    103 |    103 |      0 |      0 |     62 |   1 |  103.0 |
               +--------+--------+--------+--------+--------+-----+--------+

Top non-repeatable levels by time:
     D:3: 903 daAuts
     D:5: 786 daAuts
     D:2: 772 daAuts
     D:1: 747 daAuts
     D:4: 685 daAuts
     D:6: 159 daAuts
   Sewer: 103 daAuts
